Map: Frostline LE

Players

IIIIIIIIIIII - Winner!

  • Race: Zerg Zerg
  • League: Diamond
  • Spawn Location: 7:00

RScat

  • Race: Protoss Protoss
  • League: Diamond
  • Spawn Location: 1:00

VOD

Have the link to the VOD?

Description

Time

  • Played on: Jan. 15, 2025, 4:31 a.m.
  • Length: 4:06
Show
View Real Time Build Order
Export as new Build Order

IIIIIIIIIIII Zerg - Winner!

Build Orders: Hatch First 

Get SALT Encoding   

  12  0:01  Drone  
  13  0:08  Drone  
  13  0:14  Extractor  
  13  0:15  Drone  
  15  0:36  Hatchery  
  15  0:38  Spawning Pool  
  15  0:42  Extractor, Drone  
  15  1:05  Hatchery  
  15  1:10  Overlord  
  14  1:17  Extractor  
  14  1:18  Drone  
  15  1:29  Zergling x4  
  17  1:33  Queen  
  17  1:39  Zergling x2  
  20  1:59  Zergling x4  
  22  2:04  Overlord  
  22  2:18  Queen  
  22  2:19  Zergling x2  
  25  2:33  Spine Crawler  
  25  2:34  Spine Crawler  
  23  2:38  Zergling x6  
  25  2:45  Zergling x2  
  26  2:52  Zergling x4  
  28  3:00  Zergling x4  
  28  3:04  Zergling x2  
  30  3:23  Zergling x4  
  30  3:24  Zergling x2  
  30  3:25  Zergling x4  
  35  3:33  Zergling x2  
  35  3:41  Overlord  
Show
View Real Time Build Order
Export as new Build Order

RScat Protoss 

Build Orders: 1 Gate Expand 

Get SALT Encoding   

  12  0:00  Probe  
  13  0:13  Probe  
  14  0:21  Pylon  
  14  0:25  Probe  
  15  0:36  Probe  
  15  0:41  Gateway  
  16  0:44  Probe  
  17  0:50  Assimilator  
  17  0:53  Probe  
  18  1:05  Probe  
  19  1:17  Probe  
  20  1:30  Nexus  
  20  1:37  Cybernetics Core  
  20  1:40  Probe  
  21  1:48  Assimilator  
  21  1:52  Probe  
  21  1:55  Pylon  
  21  2:04  Probe  
  21  2:07  Adept  
  22  2:12  Gateway  
  24  2:27  Probe  
  25  2:33  Pylon  
  25  2:42  Adept  
  27  2:45  Shield Battery  
  27  2:49  Robotics Facility  
  27  2:53  Probe x2  
  29  3:04  Stargate  
  29  3:26  Pylon  
  29  3:29  Shield Battery  
  33  3:46  Pylon  
Tags
 
Add a new tag
Caveats
  • Supply blocks, unpowered buildings, or Contaminate may cause inaccurate times.
  • Supply counts are checked every 10 seconds.